 Dungeon Crawl Stone Soup version 0.19-a0-878-gfe7e43f (webtiles) character file.

695 AlphabetPasta the Chiller (level 7, -2/38 HPs)
             Began as a Gargoyle Ice Elementalist on July 4, 2016.
             Was an Initiate of Vehumet.
             Slain by a phantom (3 damage)
             ... on level 5 of the Dungeon.
             The game lasted 00:33:26 (5656 turns).

AlphabetPasta the Chiller (GrIE)                    Turns: 5656, Time: 00:33:27

Health: -2/38      AC: 10    Str: 11    XL:     7   Next: 64%
Magic:  14/14      EV: 17    Int: 18    God:    Vehumet [......]
Gold:   283        SH:  3    Dex: 15    Spells: 4 memorised, 5 levels left

rFire  . . .     SeeInvis +     n - +0 mace
rCold  . . .     Gourm    .     e - +0 robe "Tehoetur" {+Inv +Fly}
rNeg   + . .     Faith    .     (no shield)
rPois  ∞         Spirit   .     y - +0 helmet
rElec  +         Dismiss  .     m - +2 cloak
rCorr  +         Reflect  +     (no gloves)
SustAt .         Harm     .     (no boots)
MR     .....                    d - +3 amulet of reflection
Stlth  +++.......               A - ring of resist corrosion
                                a - ring of see invisible

@: agile, not resistant to hostile enchantments, fairly stealthy
A: negative energy resistance 1, electricity resistance, unbreathing,
petrification resistance, rot immunity, AC +4
a: Renounce Religion, Evoke Invisibility, Evoke Flight


You were on level 5 of the Dungeon.
You worshipped Vehumet.
Vehumet was noncommittal.
You were hungry.

You visited 2 branches of the dungeon, and saw 6 of its levels.

You collected 283 gold pieces.

Inventory:

Hand Weapons
 n - a +0 mace (weapon)
Missiles
 i - 5 javelins (quivered)
Armour
 e - the +0 robe "Tehoetur" (worn) {+Inv +Fly}
   (You found it on level 4 of the Dungeon)

   It lets you turn invisible.
   It lets you fly.
 k - a +0 pair of gloves
 m - a +2 cloak (worn)
 x - a +1 animal skin
 y - a +0 helmet (worn)
Jewellery
 a - a ring of see invisible (left hand)
 d - a +3 amulet of reflection (around neck)
 A - a ring of resist corrosion (right hand)
Wands
 f - a wand of random effects (0/48)
Scrolls
 p - 4 scrolls of magic mapping
 z - a scroll of amnesia
 B - 3 scrolls of remove curse
Potions
 h - a potion of degeneration {unknown}
 j - a potion of agility
 o - a potion of flight
 q - 2 potions of brilliance
 s - a potion of berserk rage {unknown}
 t - a potion of resistance {unknown}
 w - a potion of cure mutation {unknown}
 C - a potion of curing {unknown}
Books
 b - a book of Frost

   Spells                             Type                      Level
   a - Freeze                         Ice                          1
   b - Throw Frost                    Conjuration/Ice              2
   c - Ozocubu's Armour               Charms/Ice                   3
   d - Throw Icicle                   Conjuration/Ice              4
   e - Summon Ice Beast               Ice/Summoning                4
Comestibles
 c - 2 bread rations
 g - 3 meat rations
 r - 4 slices of pizza


   Skills:
 + Level 1.5 Fighting
 - Level 2.0 Maces & Flails
 - Level 1.7 Dodging
 - Level 2.1 Stealth
 * Level 4.7 Spellcasting
 + Level 3.1 Conjurations
 * Level 5.3 Ice Magic
 + Level 1.8 Evocations


You had 5 spell levels left.
You knew the following spells:

 Your Spells              Type           Power        Failure   Level  Hunger
a - Freeze                Ice            ###.         1%          1    None
b - Throw Frost           Conj/Ice       ###...       4%          2    #......
c - Ozocubu's Armour      Chrm/Ice       ##......     17%         3    ###....
d - Throw Icicle          Conj/Ice       ###.....     28%         4    ####...


Dungeon Overview and Level Annotations

Branches:
Dungeon (5/15)             Temple (1/1) D:4

Altars:
Ashenzari
Elyvilon
Fedhas
Gozag
Hepliaklqana
Kikubaaqudgha
Makhleb
Nemelex Xobeh
Okawaru
Pakellas
Qazlal
Ru
Sif Muna
Trog
Uskayaw
Vehumet
Xom
Zin
The Shining One

Annotations:
D:4 Grinder; HungLikeaParliment's ghost, amateur DESu


Innate Abilities, Weirdness & Mutations

You are resistant to torment.
Your stone body is resilient. (AC +4)
You are immune to poison.
You resist negative energy. (rN+)
You are resistant to electric shocks. (rElec)
You can survive without breathing.
You are immune to petrification.
You are immune to rotting.


Message History

The phantom is severely damaged.
The phantom hits you!
* * * LOW HITPOINT WARNING * * *
You hit the phantom.
The phantom is severely damaged.
The phantom hits you but does no damage.
You hit the phantom.
The phantom is almost destroyed.
The phantom hits you.
* * * LOW HITPOINT WARNING * * *
The phantom hits you.
* * * LOW HITPOINT WARNING * * *
The phantom blinks!
An ice beast comes into view.
Things that are here:
a shortbow; 12 arrows You feel agile all of a sudden.
You are feeling hungry.
The phantom hits you.
You die...

#....# #....#
#....# #....#
###### #....#
......####...(#
......'.##..((#
...[..#.......#
..... #...W@..#
..>.
#.......#####
...
#.#..<...?..#
..
#.###.#####.# .
#.W...# #.# ##
#######
#.#########.
#.........+.
#####.#####.
#.#.........


You could see a phantom.

Vanquished Creatures
  A centaur (D:5)
  An ogre (D:4)
  Blork the orc (D:5)
  An orc priest (D:4)
  3 hounds
  A gnoll shaman (D:4)
  An iguana (D:4)
  2 worker ants
  An orc wizard (D:4)
  Robin (D:3)
  6 gnolls
  4 adders
  3 oozes
  An adder skeleton (D:4)
  A worm (D:3)
  A dart slug (D:3)
  2 giant geckos
  8 orcs
  5 bats
  4 giant cockroaches
  13 goblins
  8 hobgoblins
  4 jackals (D:1)
  2 quokkas
  A ball python (D:1)
  A giant gecko skeleton (D:3)
  A giant gecko zombie (D:5)
  4 giant newts
  5 kobolds
  5 rats
92 creatures vanquished.

Vanquished Creatures (others)
  A goblin (D:3)
1 creature vanquished.

Grand Total: 93 creatures vanquished

Notes
Turn   | Place    | Note
-------+----------+-------------------------------------------
     0 | D:1      | AlphabetPasta the Gargoyle Ice Elementalist began the quest for the Orb.
     0 | D:1      | Reached XP level 1. HP: 10/10 MP: 3/3
    80 | D:1      | Reached XP level 2. HP: 9/15 MP: 1/5
   144 | D:1      | Learned a level 2 spell: Throw Frost
   484 | D:1      | Found a sparkling altar of Nemelex Xobeh.
   858 | D:1      | Reached XP level 3. HP: 19/19 MP: 1/6
   863 | D:1      | Learned a level 3 spell: Ozocubu's Armour
  1174 | D:2      | Found an iron altar of Okawaru.
  1582 | D:3      | Reached skill level 1 in Maces & Flails
  1698 | D:3      | Found an opulent altar of Gozag.
  1698 | D:3      | Found a glowing silver altar of Zin.
  1702 | D:3      | Reached XP level 4. HP: 24/24 MP: 4/8
  1922 | D:3      | Reached skill level 4 in Ice Magic
  2101 | D:2      | Reached XP level 5. HP: 15/28 MP: 4/9
  2441 | D:3      | Noticed Robin
  2449 | D:3      | Killed Robin
  2694 | D:3      | Learned a level 4 spell: Throw Icicle
  2790 | D:3      | Found a hide-covered altar of Uskayaw.
  2917 | D:4      | Noticed HungLikeaParliment's ghost (amateur DESu)
  2969 | D:4      | Learned a level 3 spell: Ozocubu's Armour
  2972 | D:4      | Found an iron altar of Okawaru.
  2972 | D:4      | Found a bloodstained altar of Trog.
  2992 | D:4      | Found a staircase to the Ecumenical Temple.
  3004 | D:4      | Got a faintly glowing robe
  3015 | D:4      | Identified the +0 robe "Tehoetur" {+Inv +Fly} (You found it on level 4 of the Dungeon)
  3520 | D:4      | Reached XP level 6. HP: 15/32 MP: 6/12
  3849 | Temple   | Entered the Ecumenical Temple
  3857 | Temple   | Became a worshipper of Vehumet
  4069 | D:4      | Noticed Grinder
  4271 | D:5      | Entered Level 5 of the Dungeon
  4289 | D:5      | Reached skill level 1 in Evocations
  4476 | D:5      | Noticed Blork the orc
  4827 | D:5      | Noticed a phantom
  5068 | D:4      | Reached XP level 7. HP: 32/37 MP: 2/13
  5155 | D:4      | Reached skill level 5 in Ice Magic
  5203 | D:5      | Killed Blork the orc
  5203 | D:5      | Reached skill level 1 in Fighting
  5652 | D:5      | HP: 1/38 [phantom (3)]
  5656 | D:5      | Slain by a phantom

Vault maps used:
D:1:      dpeg_arrival_rooms_a, nemelex_altar_shiori
D:2:      minivault_4, okawaru_ov_weapons_minmay
D:3:      eat_drink_and_be_merry_uskayaw, grunt_temple_overflow_gold_and_silver,
          uniq_robin
D:4:      grunt_temple_overflow_bloody_war, first_bread, uniq_grinder
D:5:      lemuel_insect_pit, uniq_duvessa, uniq_pikel, uniq_blork_the_orc
Temple:   eino_temple_lava

Skill      XL: |  1  2  3  4  5  6  7 |
---------------+----------------------+-----
Maces & Flails | 1 2 |  2.0
Spellcasting   | 3 4 |  4.7
Ice Magic      | 4 5 |  5.3
Conjurations   | 2 3 |  3.1
Evocations     | 1 |  1.8
Fighting       | 1 |  1.5
Dodging        | |  1.7
Stealth        | |  2.1

Action                   |  1- 3 |  4- 6 |  7- 9 || total
-------------------------+-------+-------+-------++-------
Melee: Unarmed           |    11 |       |       ||    11
       Club              |    12 |       |       ||    12
       Mace              |     2 |    54 |    67 ||   123
Throw: Javelin           |       |     8 |    12 ||    20
 Cast: Freeze            |    49 |   124 |    18 ||   191
       Throw Frost       |     8 |    31 |     5 ||    44
       Ozocubu's Armour  |       |       |     1 ||     1
 Abil: Evoke Invisibilit |       |     1 |       ||     1
Evoke: Wand              |       |     3 |       ||     3
  Use: Scroll            |       |    13 |       ||    13
       Potion            |       |     3 |     1 ||     4
 Stab: Sleeping          |     1 |     2 |       ||     3
       Invisible         |       |     2 |       ||     2
  Eat: Chunk             |     3 |     9 |     2 ||    14
       Beef jerky        |       |     1 |       ||     1
       Fruit             |       |     2 |       ||     2
Armor: Robe              |    23 |    88 |    32 ||   143
       Animal skin       |       |     5 |       ||     5
Dodge: Dodged            |    33 |   177 |    29 ||   239
Block: Other             |     4 |    23 |    13 ||    40
       Reflection        |       |     1 |     1 ||     2
